 Dungeon Crawl Stone Soup version 0.25-a0-796-gd415a3ffb0 (webtiles) character file.

Game seed: 15881119673543749941, levelgen mode: deterministic

26 mortelune the Vexing (level 3, 0/27 HPs)
             Began as a Formicid Arcane Marksman on Apr 18, 2020.
             Succumbed to an adder's poison
             ... on level 1 of the Dungeon.
             The game lasted 00:02:02 (678 turns).

mortelune the Vexing (Formicid Arcane Marksman)      Turns: 678, Time: 00:02:03

Health: 0/27       AC:  2    Str: 15    XL:     3   Next: 22%
Magic:  4/4        EV: 12    Int: 12    God:
Gold:   25         SH:  0    Dex: 11    Spells: 3/4 levels left

rFire    . . .     SeeInvis +   b - +0 mace
rCold    . . .     Gourm    .   (no shield)
rNeg     . . .     Faith    .   e - +0 robe
rPois    .         Spirit   .   (helmet unavailable)
rElec    .         Reflect  .   (no cloak)
rCorr    .         Harm     .   (no gloves)
MR       .....                  (no boots)
Stlth    +.........             (no amulet)
HPRegen  0.09/turn              (no ring)
MPRegen  0.09/turn              (no ring)

@: lethally poisoned (0 -> -12)
A: permanent stasis, dig shafts and tunnels, four strong arms, antennae 3
a: Dig, Shaft Self


You were on level 1 of the Dungeon.
You were not hungry.

You visited 1 branch of the dungeon, and saw 2 of its levels.

You collected 25 gold pieces.

Inventory:

Hand Weapons
 a - a +0 hand crossbow
 b - a +0 mace (weapon)
 i - a +0 whip
Missiles
 d - 17 bolts
Armour
 e - a +0 robe (worn)
Scrolls
 g - a scroll of remove curse {unknown}
Comestibles
 f - 2 rations


   Skills:
 + Level 1.8 Fighting
 * Level 1.1 Maces & Flails
 - Level 2.4 Crossbows
 + Level 2.1 Dodging
 - Level 1.1 Spellcasting
 - Level 3.6 Hexes


You had 3 spell levels left.
You knew the following spells:

 Your Spells              Type           Power        Failure   Level  Hunger
a - Corona                Hex            #......      7%          1    ##.....

Your spell library contained the following spells:

 Spells                   Type           Power        Failure   Level  Hunger
 Slow                     Hex            #.......     11%         2    ###....
 Inner Flame              Hex/Fire       #.......     38%         3    ####...
 Portal Projectile        Hex/Tloc       #.....       38%         3    ####...
 Cause Fear               Hex            #.........   56%         4    #####..
 Leda's Liquefaction      Hex/Erth       #.........   80%         4    #####..


Dungeon Overview and Level Annotations

Branches:
Dungeon (2/15)

Altars:


Innate Abilities, Weirdness & Mutations

You cannot be hasted, slowed, berserked, paralysed or teleported.
You can dig through walls and to a lower floor.
Your four strong arms can wield two-handed weapons with a shield.
You have a pair of large antennae on your head. (SInv)


Message History

You are more poisoned.
The adder poisons you!
You hit the adder.
The adder is severely wounded.
* * * LOW HITPOINT WARNING * * *
You feel sick. The adder barely misses you. The adder closely misses you.
You sock the adder!
You kill the adder!
Your Maces & Flails skill increases to level 1!
You have reached level 3!
Your experience leads to an increase in your attributes!
Increase (S)trength, (I)ntelligence, or (D)exterity?
You feel stronger.
* * * LOW HITPOINT WARNING * * *
You feel sick.
* * * LOW HITPOINT WARNING * * *
You feel sick.
* * * LOW HITPOINT WARNING * * *
You feel sick.
You die... ###############...........#.###.. ................###.......#...... ......<...........#...#...###..#. ...............##.#####.#...#.... #################.......#.#.#....
PPPP.P♣PP.P♣ #....#....#.....### .♣♣PP♣P..PP♣ #....#.#..#........
PPPP.P♣PP.PPP

#....#.#..#####.###
♣P..P♣P.♣PPPP♣#.@..#+#.##.......#
.PP.PP.♣PPPPP#....>......##.....
#............#..#..
#...............###
#...(......#...##
#..........#....#
############....### #....).......
#............


There were no monsters in sight!

Vanquished Creatures
  An adder (D:1)
  A dart slug (D:1)
  A giant cockroach (D:1)
  A hobgoblin (D:1)
  3 kobolds (D:1)
  6 bats (D:1)
  A frilled lizard (D:1)
  2 goblins (D:1)
  2 rats (D:1)
18 creatures vanquished.

Notes
Turn   | Place    | Note
-------+----------+-------------------------------------------
     0 | D:1      | mortelune the Formicid Arcane Marksman began the quest for
                  | the Orb.
     0 | D:1      | Reached XP level 1. HP: 15/15 MP: 2/2
   185 | D:1      | Reached XP level 2. HP: 21/21 MP: 3/3
   675 | D:1      | Reached skill level 1 in Maces & Flails
   675 | D:1      | Reached XP level 3. HP: 4/27 MP: 4/4
   677 | D:1      | HP: 1/27 [poisoned by an adder]
   678 | D:1      | Succumbed to an adder's poison

Levels and vault maps discovered:
D:1:      minmay_arrival_arboretum_large, layout_basic, minmay_tall_x
D:2:      layout_rooms, evilmike_ruin_ashenzari

Skill      XL: |  1  2 |
---------------+-------+-----
Dodging        | 2 |  2.1
Maces & Flails | 1 |  1.1
Fighting       | |  1.8
Crossbows      | |  2.4
Spellcasting   | |  1.1
Hexes          | |  3.6

Action                   || total
-------------------------++-------
Melee: Whip              ||    24
       Mace              ||    15
 Fire: Hand crossbow     ||    24
  Use: Potion            ||     1
Armor: Robe              ||    17
Dodge: Dodged            ||    30

Table legend:
 A = Non-vault XP
 B = Vault XP
 C = Vault XP percentage of total XP
 D = Non-vault monster count
 E = Vault monster count
 F = Vault count percentage of total count
                 A         B        C        D         E       F
            +---------+---------+-------+---------+---------+-------
      Total |      33 |       5 |  13.2 |      14 |       4 |  22.2
            +---------+---------+-------+---------+---------+-------
        D:1 |      33 |       5 |  13.2 |      14 |       4 |  22.2
            +---------+---------+-------+---------+---------+-------
